 Dungeon Crawl Stone Soup version 0.30-a0-241-g1121274140 (webtiles) character file.

Game seed: 10540904695930140523

521 lunkers the Cleaver (level 7, -4/52 HPs)
             Began as a Meteoran Wanderer on Oct 10, 2022.
             Was a Believer of Nemelex Xobeh.
             Slain by an ice beast (11 damage)
             ... on level 6 of the Dungeon on Oct 11, 2022.
             The game lasted 00:06:32 (942 turns).

lunkers the Cleaver (Meteoran Wanderer)              Turns: 942, Time: 00:06:33

Health: -4/52      AC:  5    Str: 13    XL:     7   Next: 75%
Magic:  10/10      EV: 11    Int: 16    God:    Nemelex Xobeh [**....]
Gold:   57         SH:  4    Dex: 14    Spells: 7/8 levels left

rFire   . . .      SeeInvis .    a - +2 hand axe
rCold   . . .      Faith    .    b - +0 buckler
rNeg    . . .      Spirit   .    d - +0 robe
rPois   .          Reflect  .    (no helmet)
rElec   .          Harm     .    (no cloak)
rCorr   .          Rampage  .    l - +1 pair of gloves
Will    .....                    i - +0 pair of boots
Stlth   +.........               (no amulet)
HPRegen 0.28/turn                (no ring)
MPRegen 0.12/turn                (no ring)

@: glowing
A: sense surroundings 1, otherworldly, glowing, explore regen
a: Renounce Religion, Draw Escape, Draw Destruction, Draw Summoning


You were on level 6 of the Dungeon.
You worshipped Nemelex Xobeh.
Nemelex Xobeh was pleased with you.
You visited 1 branch of the dungeon, and saw 6 of its levels.

You collected 57 gold pieces.

Inventory:

Hand Weapons
 a - a +2 hand axe (weapon)
Armour
 b - a +0 buckler (worn)
 d - a +0 robe (worn)
 e - a +0 pair of gloves
 i - a +0 pair of boots (worn)
 l - a +1 pair of gloves (worn)
Scrolls
 h - a scroll of vulnerability
 k - a scroll of enchant armour
Potions
 c - 3 potions of lignification
 g - 2 potions of heal wounds
 j - a potion of flight
 m - a potion of brilliance
 n - a potion of ambrosia
 o - a potion of curing {unknown}


   Skills:
 - Level 1.1 Fighting
 + Level 9.2 Axes
 - Level 1.2 Dodging
 - Level 2.4 Shields
 - Level 1.3 Spellcasting
 - Level 1.2 Fire Magic
 - Level 2.4 Evocations


You had 7 spell levels left.
You knew the following spells:

 Your Spells              Type           Power      Damage    Failure   Level
p - Foxfire               Conj/Fire      12%        2x1d4     22%         1

Your spell library contained the following spells:

 Spells                   Type           Power      Damage    Failure   Level
 Inner Flame              Hex/Fire       3%         N/A       56%         3
 Chain Lightning          Conj/Air       0%         2d1       100%        9
 Fire Storm               Conj/Fire      1%         8d1       100%        9
 Shatter                  Erth           0%         3d5*      100%        9


Dungeon Overview and Level Annotations

Branches:
Dungeon (6/15) Zot: 2656
 Temple: D:4-7

Altars:
Nemelex Xobeh
Okawaru


Innate Abilities, Weirdness & Mutations

You passively map a small area around you.
You are easily found by Zot.
You glow in the dark.
You regain HP and MP as you explore.


Message History

You climb downwards.
The centaur shouts!
You hear a bark!
Something shouts, "Take thy face hence, thou bawdy base-court pimple!"
Found 20 gold pieces.
There is a stone staircase leading up here.
The centaur wields a +0 shortbow.
The centaur shoots an arrow.
The arrow closely misses you.
You hear a bark!
An ice beast and a hound come into view.
The hound barks!
The centaur unwields a +0 shortbow.
You block the centaur's attack.
The centaur kicks you but does no damage.
A shadow imp comes into view.
You hit the centaur.
The centaur is lightly wounded.
You miss the hound. The centaur hits you. The centaur kicks you.
The hound bites you but does no damage. The centaur hits you.
The centaur kicks you but does no damage.
You hit the centaur but do no damage.
The centaur is lightly wounded.
You closely miss the hound. The hound bites you.
The shadow imp gestures at you. Pain shoots through your body!
* * * LOW HITPOINT WARNING * * *
The centaur hits you.
* * * LOW HITPOINT WARNING * * *
The centaur closely misses you. The ice beast attacks as you move away!
The ice beast barely misses you. The hound barely misses you.
The ice beast attacks as you move away! The ice beast hits you.
* * * LOW HITPOINT WARNING * * *
The ice beast freezes you!
* * * LOW HITPOINT WARNING * * *
There is a stone staircase leading up here.
You draw a card...
You have drawn Velocity.
The centaur seems to slow down.
The ice beast hits you.
* * * LOW HITPOINT WARNING * * *
The ice beast freezes you!
You die...
Your body disappears without additional glow.

... * * ,
, #..> ##
..## ...,
* ...##
.... , ,
#..###5.#
, ,
#....$# ,
#hc...#*
##Y###..#,
* #@.# * #
* ,,*
*#..## *
#..## ,
*### * * ,
** * * , *
** * *


You could see an ice beast, a centaur (slow), a hound and a shadow imp.

Vanquished Creatures
  An ice beast (D:5)
  An ogre (D:5)
  A jelly (D:4)
  An iguana (D:4)
  2 gnolls (D:4)
  An adder (D:5)
  A shadow imp (D:5)
  An ufetubus (D:5)
  A worm (D:4)
  2 dart slugs
  8 orcs
  3 ball pythons
  A bat (D:3)
  4 endoplasms
  A giant cockroach (D:4)
  A goblin (D:3)
  3 hobgoblins
  A jackal (D:1)
  3 kobolds
  3 quokkas
  2 rats
  A foxfire (D:5)
43 creatures vanquished.

Vanquished Creatures (collateral kills)
  A warg (D:3)
  A hound (D:4)
  Natasha (D:3)
  2 gnolls (D:4)
5 creatures vanquished.

Vanquished Creatures (others)
  131 foxfires
131 creatures vanquished.

Grand Total: 179 creatures vanquished

Notes
Turn   | Place    | Note
-------+----------+-------------------------------------------
     0 | D:1      | lunkers the Meteoran Wanderer began the quest for the Orb.
     0 | D:1      | lunkers set off with the following items: a +2 hand axe, a
                  | +0 buckler, a potion of lignification, a +0 robe; and the
                  | following spell memorised: Foxfire; and the following
                  | spells available to memorise: Inner Flame.
     0 | D:1      | Reached XP level 1. HP: 16/16 MP: 3/3
   128 | D:1      | Found a faded altar of an unknown god.
   136 | D:1      | Prayed at the altar of an unknown god.
   136 | D:1      | Became a worshipper of Nemelex Xobeh the Trickster
   136 | D:1      | Reached * piety under Nemelex Xobeh
   156 | D:1      | Reached skill level 3 in Axes
   156 | D:1      | Reached XP level 2. HP: 21/23 MP: 5/5
   310 | D:3      | Received a gift from Nemelex Xobeh
   315 | D:3      | Noticed an ogre
   319 | D:3      | an ogre changed into a warg
   319 | D:3      | Noticed a warg
   322 | D:3      | Reached XP level 3. HP: 28/28 MP: 6/6
   328 | D:3      | Killed a warg
   329 | D:3      | Reached skill level 6 in Axes
   329 | D:3      | Reached XP level 4. HP: 21/35 MP: 3/7
   329 | D:3      | Reached XP level 5. HP: 24/40 MP: 3/8
   332 | D:3      | Noticed Natasha
   339 | D:3      | Killed Natasha
   340 | D:3      | Reached XP level 6. HP: 25/47 MP: 1/9
   447 | D:4      | Reached skill level 7 in Axes
   500 | D:4      | Upgraded the game from 0.30-a0-223-gcb0039aa0c to
                  | 0.30-a0-241-g1121274140
   609 | D:4      | Reached XP level 7. HP: 14/52 MP: 4/10
   654 | D:4      | Reached skill level 8 in Axes
   688 | D:5      | Entered Level 5 of the Dungeon
   751 | D:5      | Reached ** piety under Nemelex Xobeh
   752 | D:5      | Found an iron altar of Okawaru.
   844 | D:5      | Reached skill level 9 in Axes
   942 | D:6      | Slain by an ice beast

Illustrated notes

Levels and vault maps discovered:
D:1:      lightli_arrival_farm, layout_basic,
          shapermc_ecumenical_altar_mp_ritualfount, minmay_heptomino_d4
D:2:      layout_loops_cross, basic_altar, moated_statue, uniq_jessica
D:3:      layout_basic, minmay_splitting_lines, uniq_natasha, uniq_robin
D:4:      layout_rooms, xom_redecorated, temple_statues,
          minmay_misc_feat_nine_boxes, dreamdust_gnoll_farm
D:5:      layout_layer_cave, mainiacjoe_overflow_small_starburst,
          serial_park_tiny_1
D:6:      layout_rooms, chequers_serial_rivers_micro_a, nrook_mini_vaults,
          nrook_uturn

Skill      XL: |  1  2  3  4  5  6  7 |
---------------+----------------------+-----
Axes           | 3 6 7 9 |  9.2
Fighting       | |  1.1
Dodging        | |  1.2
Shields        | |  2.4
Spellcasting   | |  1.3
Fire Magic     | |  1.2
Evocations     | |  2.4

Action                   |  1- 3 |  4- 6 |  7- 9 || total
-------------------------+-------+-------+-------++-------
Melee: Hand axe          |    15 |    40 |    32 ||    87
 Cast: Foxfire           |    18 |    24 |    33 ||    75
Invok: Draw Destruction  |     3 |       |     1 ||     4
       Draw Summoning    |     1 |     1 |       ||     2
       Draw Escape       |       |       |     1 ||     1
  Use: Scroll            |       |     7 |     3 ||    10
Armor: Robe              |     2 |     7 |    18 ||    27
Dodge: Dodged            |    10 |    14 |    18 ||    42
Block: Buckler           |     3 |     6 |     5 ||    14

Table legend: (Time is in decaauts)
 A = Elapsed time spent in this place.
 B = Non-inter-level travel time spent in this place.
 C = Inter-level travel time spent in this place.
 D = Time resting spent in this place.
 E = Time spent auto-exploring this place.
 F = Levels seen in this place.
 G = Mean time per level.
                   A        B        C        D        E       F      G
               +--------+--------+--------+--------+--------+-----+--------+
         Total |    942 |    923 |     19 |      0 |    313 |   6 |  157.0 |
       Dungeon |    942 |    923 |     19 |      0 |    313 |   6 |  157.0 |
               +--------+--------+--------+--------+--------+-----+--------+

Top non-repeatable levels by time:
     D:4: 247 daAuts
     D:5: 244 daAuts
     D:1: 217 daAuts
     D:3: 183 daAuts
     D:2: 43 daAuts
     D:6: 6 daAuts
